 Dungeon Sprint DCSS version 0.20-a0-820-g557356e (webtiles) character file.

3400000 esc the Conqueror (level 26, -19/242 HPs)
             Began as a Demonspawn Warper on Mar 4, 2017.
             Was the Champion of Makhleb.
             Demolished by a sculptor of flesh
             ... wielding a +9 great sword
              (261 damage)
             ... in the Dungeon (Sprint VIII: "Arena of Blood").
             The game lasted 00:02:03 (34 turns).

esc the Conqueror (Demonspawn Warper)                 Turns: 34, Time: 00:02:04

Health: -19/242    AC:  6    Str: 14    XL:     26   Next: 7%
Magic:  25/54      EV: 34    Int: 17    God:    Makhleb [******]
Gold:   0          SH:  0    Dex: 20    Spells: 79/79 levels left

rFire    + . .     SeeInvis .   l - +∞ Axe of Woe
rCold    . . .     Gourm    .   b - +0 leather armour
rNeg     . . .     Faith    .   (shield currently unavailable)
rPois    .         Spirit   .   (helmet unavailable)
rElec    .         Reflect  .   (no cloak)
rCorr    .         Harm     .   (gloves unavailable)
MR       +....     NoTele   +   (boots unavailable)
Stlth    +++++++++.             (no amulet)
Regen    10.5/turn              (no ring)
MPRegen  0.4/turn               (no ring)

@: no status effects
A: claws 3, horns 3, talons 3, demonic guardian 3, fire resistance 1, hurl
damnation, powered by death 2, flame cloud immunity
a: Hurl Damnation, Minor Destruction, Lesser Servant of Makhleb, Major
Destruction, Greater Servant of Makhleb, Renounce Religion


You were in the Dungeon.
You worshipped Makhleb.
Makhleb was exalted by your worship.
You were not hungry.

You visited 1 branch

Inventory:

Hand Weapons
 a - a +0 hand axe
 l - the +∞ Axe of Woe (weapon)
   (You found it in the Dungeon)
Missiles
 e - 5 tomahawks of dispersal {=f}
Armour
 b - a +0 leather armour (worn)
Scrolls
 d - 2 scrolls of blinking {!r}
Potions
 g - a potion of curing
 h - a potion of heal wounds
 i - a potion of haste
 j - 2 potions of magic
 k - a potion of berserk rage {!q}
Books
 c - a book of Spatial Translocations
Comestibles
 f - a bread ration {@e1}


   Skills:
 O Level 27 Fighting
 O Level 27 Axes
 O Level 27 Throwing
 O Level 27 Armour
 O Level 27 Dodging
 O Level 27 Stealth
 O Level 27 Unarmed Combat
 O Level 27 Spellcasting
   Level 2.6 Translocations
 O Level 27 Invocations


You had 79 spell levels left.
You didn't know any spells.

Dungeon Overview and Level Annotations

Branches:
Dungeon (1/1)

Altars:
Makhleb


Innate Abilities, Weirdness & Mutations

You have claws for hands.
You have a pair of large horns on your head.
You have claws for feet.
A powerful demonic guardian rushes to your aid.
Your flesh is heat resistant. (rF+)
You can hurl damnation.
You regenerate health from kills.
You are immune to clouds of flame.


Message History

The bag of meat hits you with a +9 war axe!!!
The large bag of meat is engulfed in blazing flames.
The meat berserker hits you with a +9 battleaxe!!
The bag of meat is engulfed in blazing flames.
You hear a shout!
The bag of meat is engulfed in blazing flames. x2
A bag of meat comes into view. It is wielding a +9 war axe.
You take 67 damage, and have 160/227 hp.
MASSIVE DAMAGE!!
Unknown command.
You slice the bag of meat!!
You slaughter the bag of meat joyfully.
You kill the bag of meat!
Makhleb accepts your kill.
You feel better.
You slice the bag of meat!!
You slaughter the bag of meat joyfully.
You kill the bag of meat!
Makhleb accepts your kill.
You feel better.
You hit the bag of meat.
You cleave the bag of meat in twain.
You kill the bag of meat!
Makhleb accepts your kill.
You slash the meat berserker!
You dissect the meat berserker like a pig carcass.
You kill the meat berserker!
Makhleb accepts your kill.
You slash the bag of meat!
You pulverise the bag of meat into a thin bloody mist.
You kill the bag of meat!
Makhleb accepts your kill.
You have reached level 25!
Your demonic ancestry asserts itself...
Your guardian grows in power.
You hear a shout!
The bag of meat is engulfed in blazing flames.
The Servant completely misses you.
You hear a shout! x3
The large bag of meat is engulfed in blazing flames.
Health restored: 234 Unknown command.
Unknown command.
You hear a shout! x3
The bag of meat is engulfed in blazing flames. x3
The bag of meat barely misses you.
The bag of meat is engulfed in blazing flames.
The Servant hits you with a +9 glaive of flaming!!!!
The Servant burns you.
You hear a shout!
The bag of meat hits you but does no damage.
You hear a shout! x2
The bag of meat completely misses you.
The sculptor of flesh appears out of thin air!
A sculptor of flesh comes into view. It is wielding a +9 great sword.
You hear a shout!
The large bag of meat is engulfed in blazing flames.
Things that are here:
a +9 war axe; a +30 ring of slaying You take 76 damage, and have 158/234 hp.
MASSIVE DAMAGE!!
You slice The Servant!!
You hew The Servant savagely.
You kill The Servant!
Makhleb accepts your kill.
You feel better.
You slice the bag of meat!!
You pulverise the bag of meat into a thin bloody mist.
You kill the bag of meat!
Makhleb accepts your kill.
You feel better.
You slash the bag of meat!
You slaughter the bag of meat joyfully.
You kill the bag of meat!
Makhleb accepts your kill.
You hit the bag of meat. You chop the bag of meat into pieces.
You kill the bag of meat!
Makhleb accepts your kill.
You slice the bag of meat!!
You slaughter the bag of meat joyfully.
You kill the bag of meat!
Makhleb accepts your kill.
You slice the large bag of meat!!
You hew the large bag of meat savagely.
The large bag of meat explodes!
The fiery explosion engulfs the bag of meat. x2
The fiery explosion engulfs you! You resist.
The fiery explosion engulfs the large bag of meat.
Makhleb accepts your kill.
You feel better.
You have reached level 26!
Your demonic ancestry asserts itself...
Your guardian grows in power.
You hear two shouts!
You hear a roar!
You hear a shout! x8
The bag of meat is engulfed in blazing flames. x2
You hear a shout!
The bag of meat is engulfed in blazing flames.
You hear a shout! x2
A large bag of meat comes into view. It is wielding a +9 giant spiked club.
Health restored: 242 Unknown command.
Unknown command.
Unknown command.
You hear a shout!
The bag of meat is engulfed in blazing flames. x2
The large bag of meat is engulfed in blazing flames.
The sculptor of flesh hits you with a +9 great sword!!!!!
Ouch! That really hurt!
You die...

.....#.O).)..#...
........)))......
........)))......
........)))Vo...#
.....O.§§§o...##.
....#.§oo§oo.#.o.
....o.oOoo§..#...
...##o#§oo§......
......)@)%.......
###....#z....####
...............#
.........%......
##.......=.%....
###############


You could see a destroyer, a sculptor of flesh, 2 large bags of meat and 13 bags
of meat.

Vanquished Creatures
  Harold (D)
  17 ogres (D)
  3 two-headed ogres (D)
  28 orcs (D)
49 creatures vanquished.

Notes
Turn   | Place    | Note
-------+----------+-------------------------------------------
     0 | D        | esc the Demonspawn Warper began the quest for the Orb.
     0 | D        | Reached XP level 1. HP: 16/16 MP: 3/3
     4 | D        | Became a worshipper of Makhleb the Destroyer
     5 | D        | Noticed a meat berserker
     6 | D        | Noticed a bag of meat
     8 | D        | Noticed a bag of meat
     8 | D        | Noticed a bag of meat
     8 | D        | Killed a bag of meat
     8 | D        | Reached skill level 14 in Fighting
     8 | D        | Reached skill level 13 in Axes
     8 | D        | Reached skill level 13 in Armour
     8 | D        | Reached skill level 13 in Dodging
     8 | D        | Gained mutation: You have sharp toenails. [demonic ancestry]
     8 | D        | Reached XP level 2. HP: 43/43 MP: 5/5
     8 | D        | Gained mutation: A weak demonic guardian rushes to your aid. [demonic ancestry]
     8 | D        | Reached XP level 3. HP: 49/49 MP: 6/6
     8 | D        | Gained mutation: You have sharp fingernails. [demonic ancestry]
     8 | D        | Reached XP level 4. HP: 56/56 MP: 7/7
     8 | D        | Gained mutation: You have a pair of small horns on your head. [demonic ancestry]
     8 | D        | Reached XP level 5. HP: 62/62 MP: 8/8
     8 | D        | Gained mutation: You regenerate a little health from kills. [demonic ancestry]
     8 | D        | Reached XP level 6. HP: 69/69 MP: 9/9
     8 | D        | Gained mutation: You regenerate health from kills. [demonic ancestry]
     8 | D        | Reached XP level 7. HP: 75/75 MP: 10/10
     8 | D        | Gained mutation: You have very sharp fingernails. [demonic ancestry]
     8 | D        | Reached XP level 8. HP: 82/82 MP: 11/11
     8 | D        | Reached XP level 9. HP: 88/88 MP: 12/12
     8 | D        | Reached XP level 10. HP: 95/95 MP: 13/13
     8 | D        | Reached XP level 11. HP: 101/101 MP: 14/14
     9 | D        | Noticed a bag of meat
     9 | D        | Noticed a bag of meat
     9 | D        | Noticed a bag of meat
     9 | D        | Noticed a bag of meat
    10 | D        | Noticed a meat berserker
    10 | D        | Killed a meat berserker
    10 | D        | Reached * piety under Makhleb
    10 | D        | Reached skill level 18 in Fighting
    10 | D        | Reached skill level 16 in Axes
    10 | D        | Reached skill level 16 in Armour
    10 | D        | Reached skill level 16 in Dodging
    10 | D        | Reached XP level 12. HP: 39/116 MP: 15/15
    10 | D        | Reached XP level 13. HP: 42/122 MP: 16/16
    10 | D        | Killed a bag of meat
    10 | D        | Reached skill level 19 in Fighting
    10 | D        | Reached skill level 18 in Axes
    10 | D        | Reached skill level 17 in Armour
    10 | D        | Reached skill level 18 in Dodging
    10 | D        | Gained mutation: You have razor-sharp toenails. [demonic ancestry]
    10 | D        | Reached XP level 14. HP: 45/133 MP: 17/17
    11 | D        | Noticed a meat berserker
    11 | D        | Noticed a meat berserker
    11 | D        | Noticed a meat berserker
    11 | D        | Killed a bag of meat
    11 | D        | Reached skill level 20 in Fighting
    11 | D        | Reached skill level 18 in Armour
    12 | D        | Noticed a bag of meat
    12 | D        | Noticed a bag of meat
    12 | D        | Noticed a bag of meat
    12 | D        | Noticed a bag of meat
    12 | D        | Noticed a large bag of meat
    13 | D        | Noticed a bag of meat
    13 | D        | Noticed a bag of meat
    13 | D        | Noticed a bag of meat
    13 | D        | Noticed a meat berserker
    13 | D        | Noticed a meat berserker
    13 | D        | Killed a bag of meat
    13 | D        | Reached ** piety under Makhleb
    13 | D        | Reached skill level 21 in Fighting
    13 | D        | Reached skill level 19 in Axes
    13 | D        | Reached skill level 19 in Armour
    13 | D        | Reached skill level 19 in Dodging
    13 | D        | Gained mutation: You have a pair of horns on your head. [demonic ancestry]
    13 | D        | Reached XP level 15. HP: 56/144 MP: 18/18
    13 | D        | Reached skill level 22 in Fighting
    13 | D        | Reached skill level 20 in Axes
    13 | D        | Reached skill level 20 in Armour
    13 | D        | Reached skill level 20 in Dodging
    14 | D        | Noticed a meat berserker
    14 | D        | Killed a meat berserker
    14 | D        | Reached skill level 23 in Fighting
    14 | D        | Reached skill level 22 in Axes
    14 | D        | Reached skill level 21 in Armour
    14 | D        | Reached skill level 21 in Dodging
    14 | D        | Gained mutation: Your flesh is heat resistant. (rF+) [demonic ancestry]
    14 | D        | Reached XP level 16. HP: 125/157 MP: 19/19
    14 | D        | Killed a meat berserker
    14 | D        | Reached *** piety under Makhleb
    14 | D        | Reached skill level 24 in Fighting
    14 | D        | Reached skill level 23 in Axes
    14 | D        | Reached skill level 23 in Armour
    14 | D        | Reached skill level 23 in Dodging
    15 | D        | Noticed a meat berserker
    15 | D        | Killed a meat berserker
    15 | D        | Reached skill level 26 in Fighting
    15 | D        | Reached skill level 24 in Axes
    15 | D        | Reached skill level 24 in Armour
    15 | D        | Reached skill level 24 in Dodging
    15 | D        | Gained mutation: You have claws for feet. [demonic ancestry]
    15 | D        | Reached XP level 17. HP: 141/171 MP: 20/20
    15 | D        | Reached skill level 25 in Axes
    15 | D        | Reached skill level 25 in Dodging
    15 | D        | Killed a meat berserker
    15 | D        | Reached **** piety under Makhleb
    15 | D        | Reached skill level 27 in Fighting
    15 | D        | Reached skill level 26 in Axes
    15 | D        | Reached skill level 26 in Armour
    15 | D        | Reached skill level 26 in Dodging
    15 | D        | Gained mutation: You are immune to clouds of flame. [demonic ancestry]
    15 | D        | Reached XP level 18. HP: 182/182 MP: 21/21
    16 | D        | Noticed a meat berserker
    16 | D        | Noticed a meat berserker
    16 | D        | Noticed a meat berserker
    17 | D        | Noticed a large bag of meat
    17 | D        | Killed a meat berserker
    17 | D        | Reached skill level 27 in Axes
    17 | D        | Reached skill level 27 in Armour
    17 | D        | Reached skill level 27 in Dodging
    17 | D        | Reached skill level 6 in Throwing
    17 | D        | Reached skill level 6 in Stealth
    17 | D        | Reached skill level 6 in Unarmed Combat
    17 | D        | Reached skill level 6 in Spellcasting
    17 | D        | Reached skill level 8 in Invocations
    17 | D        | Killed a meat berserker
    17 | D        | Reached skill level 10 in Throwing
    17 | D        | Reached skill level 11 in Stealth
    17 | D        | Reached skill level 10 in Unarmed Combat
    17 | D        | Reached skill level 10 in Spellcasting
    17 | D        | Reached skill level 14 in Invocations
    17 | D        | Reached XP level 19. HP: 189/189 MP: 21/33
    17 | D        | Reached skill level 12 in Throwing
    17 | D        | Reached skill level 13 in Stealth
    17 | D        | Reached skill level 12 in Unarmed Combat
    17 | D        | Reached skill level 12 in Spellcasting
    17 | D        | Reached skill level 16 in Invocations
    18 | D        | Noticed a meat berserker
    19 | D        | Noticed a meat berserker
    19 | D        | Reached ***** piety under Makhleb
    19 | D        | Reached skill level 13 in Throwing
    19 | D        | Reached skill level 14 in Stealth
    19 | D        | Reached skill level 13 in Unarmed Combat
    19 | D        | Reached skill level 13 in Spellcasting
    19 | D        | Reached skill level 17 in Invocations
    19 | D        | Reached skill level 14 in Throwing
    19 | D        | Reached skill level 15 in Stealth
    19 | D        | Reached skill level 14 in Unarmed Combat
    19 | D        | Reached skill level 14 in Spellcasting
    19 | D        | Reached skill level 19 in Invocations
    19 | D        | Reached skill level 15 in Throwing
    19 | D        | Reached skill level 16 in Stealth
    19 | D        | Reached skill level 15 in Unarmed Combat
    19 | D        | Reached skill level 15 in Spellcasting
    19 | D        | Reached skill level 20 in Invocations
    19 | D        | Reached skill level 16 in Throwing
    19 | D        | Reached skill level 17 in Stealth
    19 | D        | Reached skill level 16 in Unarmed Combat
    19 | D        | Reached skill level 16 in Spellcasting
    19 | D        | Reached skill level 21 in Invocations
    19 | D        | Reached skill level 17 in Throwing
    19 | D        | Reached skill level 18 in Stealth
    19 | D        | Reached skill level 17 in Unarmed Combat
    19 | D        | Reached skill level 17 in Spellcasting
    19 | D        | Reached skill level 22 in Invocations
    19 | D        | Gained mutation: You have a pair of large horns on your head. [demonic ancestry]
    19 | D        | Reached XP level 20. HP: 197/197 MP: 21/41
    20 | D        | Noticed a meat berserker
    20 | D        | Reached skill level 18 in Throwing
    20 | D        | Reached skill level 19 in Stealth
    20 | D        | Reached skill level 18 in Spellcasting
    20 | D        | Reached skill level 23 in Invocations
    20 | D        | Killed a meat berserker
    20 | D        | Reached skill level 19 in Throwing
    20 | D        | Reached skill level 20 in Stealth
    20 | D        | Reached skill level 19 in Unarmed Combat
    20 | D        | Reached skill level 19 in Spellcasting
    20 | D        | Reached skill level 25 in Invocations
    21 | D        | Noticed a meat berserker
    22 | D        | Noticed a meat berserker
    22 | D        | Killed a meat berserker
    22 | D        | Reached skill level 20 in Throwing
    22 | D        | Reached skill level 22 in Stealth
    22 | D        | Reached skill level 20 in Unarmed Combat
    22 | D        | Reached skill level 20 in Spellcasting
    22 | D        | Reached skill level 27 in Invocations
    22 | D        | Reached XP level 21. HP: 142/204 MP: 22/45
    22 | D        | Reached skill level 22 in Throwing
    22 | D        | Reached skill level 23 in Stealth
    22 | D        | Reached skill level 22 in Unarmed Combat
    22 | D        | Reached skill level 22 in Spellcasting
    22 | D        | Reached ****** piety under Makhleb
    22 | D        | Reached skill level 23 in Throwing
    22 | D        | Reached skill level 25 in Stealth
    22 | D        | Reached skill level 23 in Unarmed Combat
    22 | D        | Reached skill level 23 in Spellcasting
    22 | D        | Reached skill level 24 in Throwing
    22 | D        | Reached skill level 26 in Stealth
    22 | D        | Reached skill level 24 in Unarmed Combat
    22 | D        | Reached skill level 24 in Spellcasting
    23 | D        | Noticed a large bag of meat
    24 | D        | Noticed a large bag of meat
    25 | D        | Reached skill level 25 in Throwing
    25 | D        | Reached skill level 25 in Unarmed Combat
    25 | D        | Reached skill level 25 in Spellcasting
    25 | D        | Gained mutation: You have claws for hands. [demonic ancestry]
    25 | D        | Reached XP level 22. HP: 138/212 MP: 22/51
    25 | D        | Reached skill level 26 in Throwing
    25 | D        | Reached skill level 27 in Stealth
    25 | D        | Reached skill level 26 in Unarmed Combat
    25 | D        | Reached skill level 26 in Spellcasting
    25 | D        | Reached skill level 27 in Throwing
    25 | D        | Reached skill level 27 in Unarmed Combat
    25 | D        | Reached skill level 27 in Spellcasting
    27 | D        | Killed a large bag of meat
    27 | D        | Gained mutation: You can hurl damnation. [demonic ancestry]
    27 | D        | Reached XP level 23. HP: 219/219 MP: 23/54
    27 | D        | Killed a large bag of meat
    28 | D        | Noticed a large bag of meat
    28 | D        | Noticed The Servant
    29 | D        | Noticed a destroyer
    29 | D        | Reached XP level 24. HP: 227/227 MP: 24/54
    31 | D        | Gained mutation: A demonic guardian rushes to your aid. [demonic ancestry]
    31 | D        | Reached XP level 25. HP: 234/234 MP: 24/54
    33 | D        | Killed The Servant
    33 | D        | Killed a large bag of meat
    33 | D        | Gained mutation: A powerful demonic guardian rushes to your aid. [demonic ancestry]
    33 | D        | Reached XP level 26. HP: 242/242 MP: 25/54
    34 | D        | Noticed a large bag of meat
    34 | D        | Demolished by a sculptor of flesh

Vault maps used:
D:        meatsprint

Skill      XL: |  1  2  3  4  5  6  7  8  9 10 11 12 13 14 15 16 17 18 19 20 21 22 |
---------------+-------------------------------------------------------------------+-----
Fighting       | 14 18 19 21 23 26 27 | 27.0
Axes           | 13 16 18 19 22 24 26 27 | 27.0
Armour         | 13 16 17 19 21 24 26 27 | 27.0
Dodging        | 13 16 18 19 21 24 26 27 | 27.0
Throwing       | 10 17 20 25 27 | 27.0
Stealth        | 11 18 22 26 27 | 27.0
Unarmed Combat | 10 17 20 25 27 | 27.0
Spellcasting   | 10 17 20 25 27 | 27.0
Invocations    | 14 22 27 | 27.0
Translocations | |  2.6

Action                   |  1- 3 |  4- 6 |  7- 9 | 10-12 | 13-15 | 16-18 | 19-21 | 22-24 | 25-27 || total
-------------------------+-------+-------+-------+-------+-------+-------+-------+-------+-------++-------
Melee: Executioner's axe |     1 |       |       |     1 |     3 |     2 |     4 |     3 |     1 ||    15
Armor: Leather armour    |       |       |       |       |       |       |       |       |     1 ||     1
Dodge: Dodged            |       |       |       |       |       |       |     1 |     2 |     3 ||     6

Vault maps used:
D:        meatsprint

Table legend:
 A = Turns spent in this place as a percentage of turns spent in the entire game.
 B = Non-inter-level travel turns spent in this place as a percentage of non-inter-level travel turns spent in the entire game.
 C = Inter-level travel turns spent in this place as a percentage of turns spent in this place.
 D = Turns resting spent in this place as a percentage of non-inter-level travel turns spent in this place.
 E = Turns spent auto-exploring this place as a percentage of non-inter-level travel turns spent in this place.
 F = Non-inter-level travel turns spent in this place divided by the number of levels of this place that you've seen.
                   A       B       C       D       E      F
               +-------+-------+-------+-------+-------+----------------------
         Total | 100.0 | 100.0 |   0.0 |   0.0 |   0.0 |  76.0
       Dungeon | 100.0 | 100.0 |   0.0 |   0.0 |   0.0 |  76.0
               +-------+-------+-------+-------+-------+----------------------

Table legend:
 A = Kills in this place as a percentage of kills in entire the game.
 B = Kills by you in this place as a percentage of kills by you in the entire game.
 C = Kills by friends in this place as a percentage of kills by friends in the entire game.
 D = Other kills in this place as a percentage of other kills in the entire game.
 E = Experience gained in this place as a percentage of experience gained in the entire game.
 F = Experience gained in this place divided by the number of levels of this place that you have seen.
                   A       B       C       D       E      F
               +-------+-------+-------+-------+-------+----------------------
         Total | 100.0 | 100.0 |  -nan |  -nan | 100.0 | 1329858.0
       Dungeon | 100.0 | 100.0 |  -nan |  -nan | 100.0 | 1329858.0
               +-------+-------+-------+-------+-------+----------------------
